Map: Frozen Temple

Players

Neeb - Winner!

  • Race: Protoss Protoss

TooDming

  • Race: Zerg Zerg

Event: IEM Season 11 - Shanghai

VOD

Have the link to the VOD?

Description

Time

  • Played on: July 27, 2016, 9:41 a.m.
  • Length: 8:19

All games in this series

Show
View Real Time Build Order
Export as new Build Order

Neeb Protoss - Winner!

Build Orders: 1 Gate Expand 

Get SALT Encoding   

  12  0:00  Probe (Chrono Boost)  
  13  0:11  Probe (Chrono Boost)  
  14  0:17  Pylon  
  14  0:22  Probe (Chrono Boost)  
  15  0:35  Probe (Chrono Boost)  
  16  0:36  Gateway  
  16  0:45  Probe (Chrono Boost)  
  17  0:56  Probe (Chrono Boost)  
  18  0:57  Assimilator  
  18  1:06  Probe (Chrono Boost)  
  19  1:18  Nexus  
  19  1:21  Probe (Chrono Boost)  
  20  1:31  Cybernetics Core  
  20  1:33  Probe (Chrono Boost)  
  21  1:44  Probe (Chrono Boost), Assimilator  
  22  1:49  Pylon  
  22  1:54  Probe (Chrono Boost)  
  22  2:00  Warp Gate  
  23  2:04  Adept  
  26  2:09  Probe (Chrono Boost)  
  26  2:21  Probe (Chrono Boost)  
  27  2:29  Twilight Council  
  27  2:30  Stalker  
  27  2:31  Probe (Chrono Boost)  
  27  2:33  Probe (Chrono Boost)  
  31  2:42  Probe (Chrono Boost)  
  33  2:45  Probe (Chrono Boost)  
  33  2:52  Resonating Glaives  
  33  2:53  Probe (Chrono Boost)  
  33  2:57  Probe (Chrono Boost)  
  35  3:04  Probe (Chrono Boost)  
  35  3:05  Gateway  
  36  3:06  Gateway  
  36  3:10  Probe (Chrono Boost)  
  37  3:16  Probe (Chrono Boost), Adept  
  40  3:22  Probe (Chrono Boost)  
  40  3:24  Pylon  
  42  3:28  Probe (Chrono Boost)  
  43  3:34  Probe (Chrono Boost)  
  43  3:40  Probe (Chrono Boost)  
  44  3:42  Pylon  
  44  3:46  Probe (Chrono Boost)  
  45  3:52  Probe (Chrono Boost)  
  45  3:54  Pylon  
  46  3:58  Probe (Chrono Boost)  
  46  4:02  Probe (Chrono Boost), Adept x3  
  56  4:12  Mothership Core (Chrono Boost)  
  56  4:13  Nexus  
  56  4:15  Pylon  
  57  4:22  Adept x2  
  57  4:24  Adept  
  62  4:26  Probe (Chrono Boost)  
  63  4:33  Probe (Chrono Boost), Robotics Facility  
  63  4:38  Probe (Chrono Boost)  
  65  4:40  Assimilator  
  65  4:43  Robotics Facility  
  66  4:46  Probe (Chrono Boost)  
  66  4:49  Probe (Chrono Boost)  
  68  5:00  Probe (Chrono Boost)  
  68  5:02  Adept  
  68  5:03  Adept x2  
  68  5:04  Probe (Chrono Boost)  
  75  5:08  Assimilator  
  75  5:12  Probe (Chrono Boost)  
  74  5:15  Probe (Chrono Boost)  
  74  5:21  Observer  
  76  5:25  Probe x2 (Chrono Boost), Adept x3  
  76  5:26  Probe (Chrono Boost)  
  85  5:32  Forge, Immortal  
  86  5:36  Probe (Chrono Boost)  
  86  5:37  Probe (Chrono Boost)  
  86  5:38  Probe (Chrono Boost)  
  92  5:47  Probe (Chrono Boost)  
  93  5:50  Pylon  
  93  5:51  Pylon  
  93  6:01  Protoss Ground Weapons Level 1  
  93  6:03  Immortal  
  93  6:06  Immortal  
  93  6:09  Probe (Chrono Boost)  
  93  6:10  Probe (Chrono Boost)  
  104  6:11  Probe (Chrono Boost), Assimilator  
  104  6:12  Assimilator  
  104  6:13  Pylon  
  102  6:23  Probe x2 (Chrono Boost)  
  102  6:25  Sentry x2  
  100  6:29  Probe (Chrono Boost)  
  97  6:33  Probe (Chrono Boost)  
  97  6:35  Probe (Chrono Boost)  
  97  6:37  Immortal  
  98  6:41  Probe (Chrono Boost)  
  102  6:47  Sentry  
  102  6:48  Immortal  
  102  6:53  Gateway  
  108  6:55  Gateway  
  108  6:56  Gateway x2  
  108  6:58  Sentry, Gateway  
  108  7:00  Sentry, Gateway  
  112  7:02  Pylon  
  112  7:11  Warp Prism  
  112  7:15  Pylon  
  112  7:16  Pylon  
  112  7:17  Pylon  
  112  7:18  Stalker  
  116  7:24  Stalker, Pylon  
  116  7:25  Stalker  
  116  7:26  Pylon  
  120  7:31  Pylon  
  120  7:32  Pylon  
  120  7:55  Pylon, Nexus  
  120  8:00  Stalker x7  
Show
View Real Time Build Order
Export as new Build Order

TooDming Zerg 

Build Orders: Hatch First 

Get SALT Encoding   

  12  0:00  Drone  
  13  0:12  Overlord  
  13  0:18  Drone  
  14  0:31  Drone  
  15  0:45  Hatchery  
  15  0:48  Drone  
  15  0:52  Drone  
  15  0:55  Drone  
  17  1:02  Drone  
  18  1:09  Extractor  
  17  1:16  Spawning Pool  
  17  1:18  Drone  
  17  1:21  Drone  
  18  1:31  Drone  
  19  1:47  Hatchery  
  19  1:51  Drone  
  19  1:55  Drone  
  20  2:05  Queen  
  22  2:12  Metabolic Boost  
  22  2:15  Drone  
  23  2:19  Drone  
  23  2:22  Drone  
  25  2:24  Drone  
  25  2:29  Overlord  
  26  2:35  Zergling x2  
  26  2:36  Zergling x2  
  28  2:47  Queen  
  28  2:49  Queen  
  32  2:53  Zergling x2  
  32  2:54  Zergling x2  
  34  2:59  Drone  
  34  3:00  Drone  
  34  3:01  Drone  
  37  3:08  Overlord  
  36  3:15  Spore Crawler  
  36  3:17  Overlord  
  35  3:23  Overlord  
  35  3:30  Drone x6  
  41  3:34  Drone  
  41  3:39  Drone  
  41  3:40  Drone  
  41  3:41  Drone  
  45  3:43  Drone  
  46  3:52  Baneling Nest, Overlord  
  46  3:53  Overlord  
  45  3:57  Drone x3  
  45  3:58  Drone  
  49  4:07  Drone x2  
  49  4:08  Drone x2  
  49  4:09  Drone  
  54  4:10  Drone x2  
  54  4:16  Extractor  
  54  4:17  Zergling x4  
  56  4:23  Zergling x2  
  56  4:24  Zergling x8  
  62  4:28  Zergling x8  
  66  4:32  Zergling x4  
  66  4:35  Baneling x3  
  66  4:36  Baneling x2  
  67  4:39  Overlord  
  67  4:40  Zergling x4  
  69  4:49  Drone x3  
  65  5:00  Zergling x2  
  65  5:01  Zergling x14  
  71  5:08  Drone x2  
  69  5:15  Drone x2  
  69  5:16  Evolution Chamber  
  69  5:17  Roach Warren  
  69  5:18  Drone  
  70  5:21  Lair  
  70  5:24  Drone  
  71  5:29  Drone x3  
  71  5:30  Drone x2  
  71  5:33  Overlord  
  71  5:34  Overlord x2  
  71  5:35  Drone  
  77  5:38  Drone  
  77  5:41  Extractor  
  77  5:42  Extractor x2  
  75  5:43  Zerg Missile Weapons Level 1  
  75  5:44  Drone x4, Extractor  
  75  5:47  Drone  
  79  5:52  Baneling x5  
  79  5:56  Zergling x2  
  80  5:59  Roach  
  80  6:00  Roach  
  80  6:02  Roach x4  
  91  6:07  Roach  
  91  6:10  Overlord  
  83  6:20  Roach x6  
  83  6:22  Roach  
  89  6:28  Queen  
  85  6:38  Roach  
  85  6:39  Roach x2  
  87  6:43  Drone x3  
  87  6:45  Drone  
  91  6:52  Drone x4  
  95  6:55  Glial Reconstitution  
  95  6:59  Ravager  
  96  7:03  Queen  
  98  7:09  Overlord  
  98  7:12  Roach x2  
  98  7:14  Roach  
  105  7:15  Ravager  
  105  7:16  Ravager  
  105  7:20  Overlord x2  
  106  7:26  Overseer  
  106  7:29  Drone  
  107  7:33  Roach x2  
  107  7:34  Roach x2  
  107  7:35  Roach x2  
  119  7:37  Overlord  
  119  7:39  Overlord  
  119  7:48  Spire  
  118  7:51  Roach  
  118  7:52  Roach x2  
  118  7:53  Roach  

Tags
 
Add a new tag
Caveats
  • Supply blocks, unpowered buildings, or Contaminate may cause inaccurate times.
  • Supply counts are checked every 10 seconds.